| TOP OF THE 1ST |
|
Chattanooga Lookouts batting - Pitching for Akron RubberDucks : RHP Gordie Pierson
|
|
Pitching: RHP Gordie Pierson
|
|
|
Batting: SHB Matt Urbani
|
0-0: Called Strike 0-1: Called Strike 0-2: Ball 1-2: Ball 2-2: Ball 3-2: Foul Ball, location: 2F 3-2: Base on Balls
|
|
Batting: RHB John Dew
|
0-0: Ball 1-0: Ball 2-0: Called Strike 2-1: Swinging Strike 2-2: Strikes out swinging
|
|
Batting: LHB Marshall Daul
|
0-0: Ball 1-0: Ball 2-0: Ball 3-0: Base on Balls Matt Urbani to second
|
|
Batting: RHB Leo Gonzalez
|
0-0: Ball 1-0: Foul Ball, location: 2F 1-1: Ball 2-1: Foul Ball, location: 2F 2-2: SINGLE (Groundball, 56D, EV 103.1 MPH) Matt Urbani to third Marshall Daul to second Runner from 3rd tries for Home, SAFE, throw by LF to home
|
|
Batting: LHB Israel Montoya
|
0-0: Called Strike 0-1: Fly out, F8 (Flyball, 8RD, EV 93.1 MPH)
|
|
Batting: LHB David Campbell
|
0-0: Foul Ball, location: 2F 0-1: Ball 1-1: DOUBLE (Line Drive, 78D, EV 112.5 MPH) Marshall Daul scores Leo Gonzalez to third
|
|
Batting: RHB Nick Phipps
|
0-0: Ball 1-0: Swinging Strike 1-1: Ground out 5-3 (Groundball, 5L, EV 87.5 MPH)
|
| Top of the 1st over - 2 runs, 2 hits, 0 errors, 2 left on base; Chattanooga 2 - Akron 0 |
| BOTTOM OF THE 1ST |
|
Akron RubberDucks batting - Pitching for Chattanooga Lookouts : RHP Tim Weller
|
|
Pitching: RHP Tim Weller
|
|
|
Batting: LHB Robby Dann
|
0-0: Called Strike 0-1: Ball 1-1: Foul Ball, location: 2F 1-2: Foul Ball, location: 2F 1-2: Foul Ball, location: 2F 1-2: Ball 2-2: Strikes out looking
|
|
Batting: LHB Kazuyoshi Nakamura
|
0-0: Called Strike 0-1: Ground out U3 (Groundball, 34S, EV 81.9 MPH)
|
|
Batting: RHB Carlos Abrego
|
0-0: Foul Ball, location: 2F 0-1: Swinging Strike 0-2: Fly out, F8 (Flyball, 89M, EV 89.4 MPH)
|
| Bottom of the 1st over - 0 runs, 0 hits, 0 errors, 0 left on base; Chattanooga 2 - Akron 0 |
| TOP OF THE 2ND |
|
Chattanooga Lookouts batting - Pitching for Akron RubberDucks : RHP Gordie Pierson
|
|
Batting: RHB Graham Calvert
|
0-0: SINGLE (Groundball, 56D, EV 96.2 MPH)
|
|
Batting: RHB Jose Gracia
|
0-0: Called Strike 0-1: Called Strike 0-2: Strikes out looking
|
|
Batting: SHB Matt Urbani
|
0-0: Ball 1-0: Fielders Choice at 2nd, 3-6 (Groundball, 34, EV 85.6 MPH)
|
|
Batting: RHB John Dew
|
0-0: Ball Matt Urbani steals 2nd, throwing error, E2 Matt Urbani to third 1-0: Foul Ball, location: 2F 1-1: Called Strike 1-2: Ground out 6-3 (Groundball, 56, EV 88.1 MPH)
|
| Top of the 2nd over - 0 runs, 1 hit, 1 error, 1 left on base; Chattanooga 2 - Akron 0 |
| BOTTOM OF THE 2ND |
|
Akron RubberDucks batting - Pitching for Chattanooga Lookouts : RHP Tim Weller
|
|
Batting: SHB Valentin Laporte
|
0-0: Ground out 3-1 (Groundball, 34, EV 75.6 MPH)
|
|
Batting: SHB Jarrod Lindblad
|
0-0: Ball 1-0: Ball 2-0: Called Strike 2-1: Ball 3-1: Ground out 1-3 (Groundball, 13S, EV 73.8 MPH)
|
|
Batting: RHB Mitch Boyd
|
0-0: Foul Ball, location: 2F 0-1: Swinging Strike 0-2: Foul Ball, location: 2F 0-2: Ground out 6-3 (Groundball, 6, EV 78.8 MPH)
|
| Bottom of the 2nd over - 0 runs, 0 hits, 0 errors, 0 left on base; Chattanooga 2 - Akron 0 |
| TOP OF THE 3RD |
|
Chattanooga Lookouts batting - Pitching for Akron RubberDucks : RHP Gordie Pierson
|
|
Batting: LHB Marshall Daul
|
0-0: Called Strike 0-1: Ball 1-1: Swinging Strike 1-2: Ball 2-2: SINGLE (Groundball, 15S, EV 68.8 MPH) (infield hit)
|
|
Batting: RHB Leo Gonzalez
|
0-0: Called Strike Marshall Daul steals 2nd base 0-1: Ball 1-1: Ball 2-1: Ball 3-1: Foul Ball, location: 2F 3-2: Fly out, F7 (Flyball, 7LM, EV 96.9 MPH)
|
|
Batting: LHB Israel Montoya
|
0-0: Ball 1-0: Ground out 4-3 (Groundball, 4, EV 84.4 MPH) Marshall Daul to third
|
|
Batting: LHB David Campbell
|
0-0: Ball 1-0: Called Strike 1-1: SINGLE (Line Drive, 9LS, EV 101.9 MPH) Marshall Daul scores
|
|
Batting: RHB Nick Phipps
|
0-0: Ball 1-0: Ball Wild Pitch! David Campbell to second 2-0: Ball 3-0: Base on Balls
|
|
Batting: RHB Graham Calvert
|
0-0: Ball 1-0: Ball 2-0: Ball 3-0: Called Strike 3-1: Foul Ball, location: 2F 3-2: Foul Ball, location: 2F 3-2: Foul Ball, location: 2F 3-2: Foul Ball, location: 2F 3-2: Strikes out swinging
|
| Top of the 3rd over - 1 run, 2 hits, 0 errors, 2 left on base; Chattanooga 3 - Akron 0 |
| BOTTOM OF THE 3RD |
|
Akron RubberDucks batting - Pitching for Chattanooga Lookouts : RHP Tim Weller
|
|
Batting: RHB Joeri Plas
|
0-0: Ball 1-0: SINGLE (Groundball, 6S, EV 66.9 MPH) (infield hit)
|
|
Batting: RHB Jose Valtierra
|
0-0: Ball 1-0: Ball 2-0: Grounds into double play, 4-6-3 (Groundball, 4, EV 95.6 MPH)
|
|
Batting: RHB Chris Folse
|
0-0: Called Strike 0-1: Ball 1-1: Foul Ball, location: 2F 1-2: Strikes out swinging
|
| Bottom of the 3rd over - 0 runs, 1 hit, 0 errors, 0 left on base; Chattanooga 3 - Akron 0 |
| TOP OF THE 4TH |
|
Chattanooga Lookouts batting - Pitching for Akron RubberDucks : RHP Gordie Pierson
|
|
Batting: RHB Jose Gracia
|
0-0: Ball 1-0: Foul Ball, location: 2F 1-1: Ball 2-1: Ball 3-1: Base on Balls
|
|
Batting: SHB Matt Urbani
|
0-0: Called Strike Jose Gracia steals 2nd base 0-1: Foul Ball, location: 2F 0-2: Ball 1-2: Ball 2-2: Foul Ball, location: 2F 2-2: Foul Ball, location: 2F 2-2: SINGLE (Groundball, 4MD, EV 93.8 MPH) Jose Gracia to third Runner from 3rd tries for Home, SAFE, throw by CF to home
|
|
Batting: RHB John Dew
|
0-0: Called Strike Matt Urbani steals 2nd, throwing error, E2 Matt Urbani to third 0-1: Swinging Strike 0-2: Ball 1-2: Ball 2-2: Ball 3-2: Strikes out looking
|
|
Batting: LHB Marshall Daul
|
0-0: Called Strike 0-1: Foul Ball, location: 2F 0-2: Ball 1-2: Ball 2-2: Ball 3-2: Strikes out looking
|
|
Batting: RHB Leo Gonzalez
|
0-0: Foul Ball, location: 2F 0-1: Foul Ball, location: 2F 0-2: Ball 1-2: 2-RUN HOME RUN (Line Drive, 78XD, EV 101.2 MPH), Distance : 405 ft
|
|
Pitching: RHP Dantae Elizondo
|
|
|
Batting: LHB Israel Montoya
|
0-0: DOUBLE (Flyball, 8LXD, EV 106.2 MPH)
|
|
Batting: LHB David Campbell
|
0-0: Called Strike 0-1: Fly out, F7 (Flyball, 7, EV 89.4 MPH)
|
| Top of the 4th over - 3 runs, 3 hits, 1 error, 1 left on base; Chattanooga 6 - Akron 0 |
| BOTTOM OF THE 4TH |
|
Akron RubberDucks batting - Pitching for Chattanooga Lookouts : RHP Tim Weller
|
|
Batting: LHB Robby Dann
|
0-0: Ball 1-0: Called Strike 1-1: Ball 2-1: Ground out 5-3 (Groundball, 56S, EV 65.6 MPH)
|
|
Batting: LHB Kazuyoshi Nakamura
|
0-0: Ball 1-0: DOUBLE (Line Drive, 7LM, EV 106.9 MPH)
|
|
Batting: RHB Carlos Abrego
|
0-0: Called Strike 0-1: Swinging Strike 0-2: DOUBLE (Line Drive, 78D, EV 104.4 MPH) Kazuyoshi Nakamura scores
|
|
Batting: SHB Valentin Laporte
|
0-0: Swinging Strike 0-1: Ball 1-1: Ball 2-1: Ball 3-1: Base on Balls
|
|
Batting: SHB Jarrod Lindblad
|
0-0: Ball 1-0: Foul Ball, location: 2F 1-1: Called Strike 1-2: Ball 2-2: Strikes out swinging
|
|
Batting: RHB Mitch Boyd
|
0-0: Ball 1-0: Foul Ball, location: 2F 1-1: Ball 2-1: Swinging Strike 2-2: Ball 3-2: Strikes out swinging
|
| Bottom of the 4th over - 1 run, 2 hits, 0 errors, 2 left on base; Chattanooga 6 - Akron 1 |
| TOP OF THE 5TH |
|
Chattanooga Lookouts batting - Pitching for Akron RubberDucks : RHP Dantae Elizondo
|
|
Batting: RHB Nick Phipps
|
0-0: Called Strike 0-1: Ball 1-1: Fly out, F9 (Line Drive, 9S, EV 105.6 MPH)
|
|
Batting: RHB Graham Calvert
|
0-0: Ground out 4-3 (Groundball, 4MD, EV 81.2 MPH)
|
|
Batting: RHB Jose Gracia
|
0-0: SINGLE (Groundball, 5S, EV 67.5 MPH) (infield hit)
|
|
Batting: SHB Matt Urbani
|
0-0: Called Strike 0-1: Ball 1-1: Ball 2-1: Foul Ball, location: 2F 2-2: Strikes out swinging
|
| Top of the 5th over - 0 runs, 1 hit, 0 errors, 1 left on base; Chattanooga 6 - Akron 1 |
| BOTTOM OF THE 5TH |
|
Akron RubberDucks batting - Pitching for Chattanooga Lookouts : RHP Tim Weller
|
|
Batting: RHB Joeri Plas
|
0-0: Called Strike 0-1: Ball 1-1: Called Strike 1-2: Foul Ball, location: 2F 1-2: Fly out, F7 (Flyball, 7D, EV 91.2 MPH)
|
|
Batting: RHB Jose Valtierra
|
0-0: Foul Ball, location: 2F 0-1: Ground out 6-3 (Groundball, 6, EV 82.5 MPH)
|
|
Batting: RHB Chris Folse
|
0-0: Foul Ball, location: 2F 0-1: Swinging Strike 0-2: DOUBLE (Flyball, 8LXD, EV 104.4 MPH)
|
|
Batting: LHB Robby Dann
|
0-0: Called Strike 0-1: Foul Ball, location: 2F 0-2: Ground out 6-3 (Groundball, 6M, EV 91.2 MPH)
|
| Bottom of the 5th over - 0 runs, 1 hit, 0 errors, 1 left on base; Chattanooga 6 - Akron 1 |
| TOP OF THE 6TH |
|
Chattanooga Lookouts batting - Pitching for Akron RubberDucks : RHP Dantae Elizondo
|
|
Batting: RHB John Dew
|
0-0: Called Strike 0-1: Ball 1-1: Hit by Pitch
|
|
Batting: LHB Marshall Daul
|
0-0: Called Strike 0-1: Swinging Strike 0-2: Strikes out swinging
|
|
Batting: RHB Leo Gonzalez
|
0-0: Ball 1-0: Swinging Strike 1-1: Ball 2-1: Called Strike 2-2: Foul Ball, location: 2F 2-2: Ball 3-2: Foul Ball, location: 2F 3-2: Fly out, F7 (Flyball, 7, EV 73.8 MPH)
|
|
Batting: LHB Israel Montoya
|
0-0: Ball 1-0: Called Strike 1-1: Foul Ball, location: 2F 1-2: Foul Ball, location: 2F 1-2: Ground out 4-3 (Groundball, 4, EV 89.4 MPH)
|
| Top of the 6th over - 0 runs, 0 hits, 0 errors, 1 left on base; Chattanooga 6 - Akron 1 |
| BOTTOM OF THE 6TH |
|
Akron RubberDucks batting - Pitching for Chattanooga Lookouts : RHP Tim Weller
|
|
Batting: LHB Kazuyoshi Nakamura
|
0-0: Ball 1-0: Ball 2-0: Foul Ball, location: 2F 2-1: Ball 3-1: Foul Ball, location: 2F 3-2: Foul Ball, location: 2F 3-2: Foul Ball, location: 2F 3-2: Ground out 5-3 (Groundball, 56, EV 101.9 MPH)
|
|
Batting: RHB Carlos Abrego
|
0-0: Fly out, F9 (Flyball, 9LM, EV 86.2 MPH)
|
|
Batting: SHB Valentin Laporte
|
0-0: Called Strike 0-1: Called Strike 0-2: Ground out 4-3 (Groundball, 4, EV 100.6 MPH)
|
| Bottom of the 6th over - 0 runs, 0 hits, 0 errors, 0 left on base; Chattanooga 6 - Akron 1 |
| TOP OF THE 7TH |
|
Chattanooga Lookouts batting - Pitching for Akron RubberDucks : RHP Dantae Elizondo
|
|
Batting: LHB David Campbell
|
0-0: SINGLE (Line Drive, 34D, EV 101.9 MPH)
|
|
Batting: RHB Nick Phipps
|
0-0: Ball 1-0: Foul Ball, location: 2F 1-1: Ball 2-1: Ball 3-1: Called Strike 3-2: Strikes out swinging
|
|
Batting: RHB Graham Calvert
|
0-0: Called Strike 0-1: Ball 1-1: Fly out, F9 (Flyball, 9, EV 91.2 MPH)
|
|
Batting: RHB Jose Gracia
|
0-0: Foul Ball, location: 2F 0-1: Foul Ball, location: 2F 0-2: Strikes out swinging
|
| Top of the 7th over - 0 runs, 1 hit, 0 errors, 1 left on base; Chattanooga 6 - Akron 1 |
| BOTTOM OF THE 7TH |
|
Akron RubberDucks batting - Pitching for Chattanooga Lookouts : RHP Tim Weller
|
|
Batting: SHB Jarrod Lindblad
|
0-0: Fly out, F8 (Flyball, 89M, EV 88.1 MPH)
|
|
Batting: RHB Mitch Boyd
|
0-0: Ball 1-0: Called Strike 1-1: Foul Ball, location: 2F 1-2: Foul Ball, location: 2F 1-2: Ball 2-2: Strikes out swinging
|
|
Batting: RHB Joeri Plas
|
0-0: Ball 1-0: Called Strike 1-1: Called Strike 1-2: Ball 2-2: Strikes out swinging
|
| Bottom of the 7th over - 0 runs, 0 hits, 0 errors, 0 left on base; Chattanooga 6 - Akron 1 |
| TOP OF THE 8TH |
|
Chattanooga Lookouts batting - Pitching for Akron RubberDucks : RHP Dantae Elizondo
|
|
Batting: SHB Matt Urbani
|
0-0: Ball 1-0: Ball 2-0: Foul Ball, location: 2F 2-1: SINGLE (Line Drive, 89S, EV 91.2 MPH)
|
|
Batting: RHB John Dew
|
0-0: Called Strike 0-1: Called Strike 0-2: Foul Ball, location: 2F 0-2: Strikes out swinging
|
|
Batting: LHB Marshall Daul
|
0-0: Ball Matt Urbani steals 2nd base 1-0: Ball 2-0: Called Strike 2-1: Ball 3-1: Fly out, F9 (Flyball, 9, EV 75.0 MPH)
|
|
Pitching: LHP Tim Fried
|
|
|
Batting: RHB Leo Gonzalez
|
0-0: Ball 1-0: Called Strike 1-1: Fly out, F3 (Popup, 3D, EV 45.0 MPH)
|
| Top of the 8th over - 0 runs, 1 hit, 0 errors, 1 left on base; Chattanooga 6 - Akron 1 |
| BOTTOM OF THE 8TH |
|
Akron RubberDucks batting - Pitching for Chattanooga Lookouts : RHP Tim Weller
|
|
Batting: RHB Jose Valtierra
|
0-0: Ball 1-0: Called Strike 1-1: Ground out 6-3 (Groundball, 56, EV 100.0 MPH)
|
|
Pitching: RHP Jose Marrero
|
|
|
Pinch Hitting: LHB Nick Welling
|
0-0: Called Strike 0-1: Foul Ball, location: 2F 0-2: Strikes out swinging
|
|
Batting: LHB Robby Dann
|
0-0: Ball 1-0: Called Strike 1-1: Called Strike 1-2: Strikes out swinging
|
| Bottom of the 8th over - 0 runs, 0 hits, 0 errors, 0 left on base; Chattanooga 6 - Akron 1 |
| TOP OF THE 9TH |
|
Chattanooga Lookouts batting - Pitching for Akron RubberDucks : LHP Tim Fried
|
|
Now in LF: Nick Welling
|
|
|
Now in CF: Jarrod Lindblad
|
|
|
Batting: LHB Israel Montoya
|
0-0: Called Strike 0-1: Called Strike 0-2: Ground out 4-3 (Groundball, 4, EV 103.8 MPH)
|
|
Batting: LHB David Campbell
|
0-0: Ground out 1-3 (Groundball, 13S, EV 76.9 MPH)
|
|
Batting: RHB Nick Phipps
|
0-0: SINGLE (Groundball, 6, EV 97.5 MPH)
|
|
Batting: RHB Graham Calvert
|
0-0: Ball 1-0: Ball 2-0: Called Strike 2-1: Ground out 4-3 (Groundball, 34, EV 78.8 MPH)
|
| Top of the 9th over - 0 runs, 1 hit, 0 errors, 1 left on base; Chattanooga 6 - Akron 1 |
| BOTTOM OF THE 9TH |
|
Akron RubberDucks batting - Pitching for Chattanooga Lookouts : RHP Jose Marrero
|
|
Batting: LHB Kazuyoshi Nakamura
|
0-0: Ball 1-0: Foul Ball, location: 2F 1-1: Foul Ball, location: 2F 1-2: Strikes out swinging
|
|
Batting: RHB Carlos Abrego
|
0-0: Hit by Pitch
|
|
Batting: SHB Valentin Laporte
|
0-0: Called Strike 0-1: Grounds into double play, 6-4-3 (Groundball, 6, EV 86.9 MPH)
|
| Bottom of the 9th over - 0 runs, 0 hits, 0 errors, 0 left on base; Chattanooga 6 - Akron 1 |
|